 Dungeon Crawl Stone Soup version 0.24-a0-251-g44e327ef01 (webtiles) character file.

Game seed: 2253351829266139309

10543 EnegeticOcto the Cruncher (level 11, -12/99 HPs)
             Began as a Deep Elf Gladiator on Apr 16, 2019.
             Was a High Priest of Okawaru.
             Killed from afar by a gargoyle (16 damage)
             ... with a stone arrow
             ... on level 10 of the Dungeon.
             The game lasted 00:21:04 (13374 turns).

EnegeticOcto the Cruncher (Deep Elf Gladiator)     Turns: 13374, Time: 00:21:05

Health: -12/99     AC: 25    Str: 14    XL:     11   Next: 37%
Magic:  17/17      EV:  2    Int: 14    God:    Okawaru [*****.]
Gold:   189        SH:  0    Dex: 16    Spells: 10/10 levels left

rFire    . . .     SeeInvis .   a - +8 rapier (drain)
rCold    . . .     Gourm    .   (no shield)
rNeg     + + +     Faith    +   (armour currently unavailable)
rPois    +         Spirit   .   (helmet currently unavailable)
rElec    .         Reflect  .   (cloak currently unavailable)
rCorr    .         Harm     .   (gloves currently unavailable)
MR       +++..     NoTele   +   (boots currently unavailable)
Stlth    +++.......             M - amulet of faith
HPRegen  0.26/turn              v - ring of protection from magic
MPRegen  0.15/turn              L - ring of protection from magic

@: tree-form, heroism
A: no striking features
a: Heroism, Finesse, Renounce Religion


You were on level 10 of the Dungeon.
You worshipped Okawaru.
Okawaru was extremely pleased with you.
You were very hungry.
You were a tree.
You visited 1 branch of the dungeon, and saw 10 of its levels.

You collected 619 gold pieces.
You spent 430 gold pieces at shops.

Inventory:

Hand Weapons
 a - a +8 rapier of draining (weapon)
 b - a +0 shortbow
 q - a +0 quarterstaff
Missiles
 d - a throwing net {!f}
 f - 386 stones (quivered)
 n - 163 arrows
Armour
 g - a +1 robe of resistance
 p - a +0 pair of gloves (melded)
 x - a +1 helmet (melded)
 C - a +3 chain mail of poison resistance (melded)
 I - a cursed +0 pair of boots (melded)
 O - a scarf of cloud immunity
Jewellery
 v - a ring of protection from magic (left branch)
 L - a ring of protection from magic (right branch)
 M - an amulet of faith (around neck)
 P - an uncursed amulet of guardian spirit {unknown}
Wands
 F - a wand of flame (12)
 J - a wand of digging (2)
 N - a wand of clouds (3)
Scrolls
 c - 3 scrolls of teleportation {@r3 !r}
 i - 6 scrolls of remove curse {@r2}
 j - 3 scrolls of identify {@r1}
 k - a scroll of amnesia
 m - a scroll of blinking {@r4}
 o - 4 scrolls of enchant weapon
 s - a scroll of fear {unknown}
 w - a scroll of immolation
 y - a scroll of enchant armour {unknown}
 G - a scroll of torment {unknown}
 H - 2 scrolls of vulnerability {unknown}
Potions
 h - a potion of agility {@q5 !q}
 l - a potion of might {@q3 !q}
 t - a potion of magic {unknown}
 u - 2 potions of flight
 z - a potion of lignification
 A - 3 potions of curing {@q1 !q}
 B - 4 potions of mutation
 D - a potion of ambrosia {unknown}
 E - a potion of berserk rage {unknown}
 K - a potion of invisibility {unknown}
 Q - a potion of haste {unknown}
Comestibles
 e - 26 rations


   Skills:
 + Level 6.8(11.8) Fighting
 - Level 10.4(15.4) Staves
 * Level 7.6(12.6) Bows
 - Level 2.0(7.0) Throwing
 + Level 2.7(7.7) Armour
 + Level 10.2(15.2) Dodging
 + Level 6.6 Invocations


You had 10 spell levels left.
You didn't know any spells.
Your spell library contained the following spells:

 Spells                   Type           Power        Failure   Level  Hunger
 Animate Skeleton         Necr           N/A          28%         1    ##.....
 Apportation              Tloc           #.....       28%         1    ##.....
 Confusing Touch          Hex            #.....       28%         1    ##.....
 Summon Small Mammal      Summ           #...         28%         1    ##.....


Dungeon Overview and Level Annotations

Branches:
Dungeon (10/15)            Temple (0/1) D:5            Lair (0/6) D:9
    Orc (0/2) D:9

Altars:
Dithmenos
Fedhas
Gozag
Kikubaaqudgha
Nemelex Xobeh
Okawaru
Qazlal
Sif Muna
Uskayaw
Vehumet

Shops:
D:4 [   D:6 *   D:7 *

Annotations:
D:4 exclusion: oklob plant
D:6 2 transporters, Kristarius's ghost, novice GrEE


Message History

You kill the hound!
Okawaru accepts your kill.
No target in view!
No target in view!
You open the door.
Found a scale mail.
There is an open door here.
You see here a scale mail.
You open the door.
A gargoyle comes into view. It is wielding a +0 flail.
The gargoyle hurls a stone arrow at you.
The stone arrow misses you.
A gargoyle is nearby!
There is an open door here.
You gain the combat prowess of a mighty hero.
The gargoyle hurls a stone arrow at you.
The stone arrow hits you. The gargoyle hits you with a +0 flail.
You hit the gargoyle.
The gargoyle is lightly damaged.
The gargoyle hits you but does no damage.
You hit the gargoyle but do no damage.
The gargoyle is lightly damaged.
The gargoyle hurls a stone arrow at you.
The stone arrow misses you.
You hit the gargoyle.
The gargoyle is lightly damaged.
The gargoyle barely misses you.
You hit the gargoyle but do no damage.
The gargoyle is lightly damaged.
You hit the gargoyle but do no damage.
The gargoyle is lightly damaged.
The gargoyle misses you.
You hit the gargoyle but do no damage.
The gargoyle is lightly damaged.
The gargoyle hits you but does no damage.
You hit the gargoyle but do no damage.
The gargoyle is lightly damaged.
The gargoyle hits you with a +0 flail.
You hit the gargoyle but do no damage.
The gargoyle is lightly damaged.
The gargoyle hits you with a +0 flail.
You hit the gargoyle but do no damage.
The gargoyle is lightly damaged.
The gargoyle misses you.
A gargoyle is nearby!
You are feeling very hungry.
You hit the gargoyle but do no damage.
The gargoyle is lightly damaged.
You hit the gargoyle.
The gargoyle is moderately damaged.
The gargoyle misses you.
You hit the gargoyle but do no damage.
The gargoyle is moderately damaged.
The gargoyle hurls a stone arrow at you.
The stone arrow hits you!
You completely miss the gargoyle.
The gargoyle is moderately damaged.
The gargoyle hits you with a +0 flail!
You are too injured to fight recklessly!
You are too injured to fight recklessly!
You are too injured to fight recklessly!
You are too injured to fight recklessly!
You are too injured to fight recklessly!
You are too injured to fight recklessly!
You hit the gargoyle.
The gargoyle is heavily damaged.
The gargoyle hits you with a +0 flail.
You hit the gargoyle but do no damage.
The gargoyle is heavily damaged.
The gargoyle hits you with a +0 flail.
You hit the gargoyle but do no damage.
The gargoyle is heavily damaged.
You puncture the gargoyle!
The gargoyle is almost destroyed.
The gargoyle hurls a stone arrow at you.
The stone arrow hits you!!
* * * LOW HITPOINT WARNING * * *
You hit the gargoyle.
The gargoyle is almost destroyed.
The gargoyle hits you but does no damage.
Really quaff
A - 4 potions of curing {@q1 !q}?
You feel better. The gargoyle barely misses you.
Really quaff the potion of lignification?
You turn into a tree.
Your +1 helmet melds into your body.
Your +0 pair of gloves melds into your body.
Your cursed +0 pair of boots melds into your body.
Your +3 chain mail of poison resistance melds into your body.
You no longer feel resistant to poison.
Your roots penetrate the ground.
The gargoyle hits you but does no damage.
You hit the gargoyle but do no damage.
The gargoyle is almost destroyed.
The gargoyle hurls a stone arrow at you.
The stone arrow hits you!
* * * LOW HITPOINT WARNING * * *
You hit the gargoyle but do no damage.
The gargoyle is almost destroyed.
The gargoyle hurls a stone arrow at you.
The stone arrow hits you!
You die...

.>...# #..#'##...#
.....# #.....#...#
.....#####.[...#...#
.###.....#..####...#
.# #.....#..####...#
.# #.....#.....#.#.#
.# #...#.#.....#...#
.# #.....#..##.#...#
.# #.....+..##.'♣9.#
.###..##.#..##.#.#.#
......# .#..##.#...#
......##.#..####...#
.........#.. #.#.#
...#.##### #...#
...#.# #...#
.....#+### ... #
+####....#


You could see a gargoyle.

Vanquished Creatures
  Erolcha (D:9)
  Erica (D:8)
  2 two-headed ogres
  Urug (D:10)
  An unseen horror (D:10)
  Pikel (D:4)
  An elephant (D:9)
  A gargoyle (D:9)
  Psyche (D:8)
  A troll (D:10)
  Sigmund (D:2)
  Eustachio (D:4)
  A spriggan (D:7)
  A yak (D:9)
  5 ice beasts
  4 orc warriors
  A sky beast (D:6)
  2 ogres
  4 phantoms
  A black bear (D:10)
  2 centaurs
  2 crocodiles (D:9)
  A big kobold (D:8)
  9 bullfrogs
  2 wyvern skeletons (D:10)
  4 scorpions
  4 killer bees (D:8)
  A howler monkey (D:4)
  3 crimson imps
  A quasit (D:6)
  A bullfrog zombie (D:6)
  A centaur zombie (D:7)
  6 hounds
  2 jellies
  5 orc priests
  6 orc wizards
  4 bullfrog skeletons
  3 iguanas
  Natasha (thrice) (D:3)
  8 worker ants
  A killer bee zombie (D:9)
  A hound zombie (D:8)
  A howler monkey zombie (D:10)
  Robin (D:4)
  5 gnolls
  15 adders
  3 shadow imps
  2 oozes
  An adder zombie (D:9)
  3 adder skeletons
  3 worms
  A dart slug (D:2)
  3 leopard geckos
  43 orcs
  5 bats
  4 giant cockroaches
  18 goblins
  11 hobgoblins
  15 jackals
  8 quokkas
  A frilled lizard (D:1)
  5 kobolds
  A quokka skeleton (D:5)
  A quokka zombie (D:7)
  7 rats
259 creatures vanquished.

Vanquished Creatures (others)
  5 fungi (D:4)
5 creatures vanquished.

Grand Total: 264 creatures vanquished

Notes
Turn   | Place    | Note
-------+----------+-------------------------------------------
     0 | D:1      | EnegeticOcto the Deep Elf Gladiator began the quest for the
                  | Orb.
     0 | D:1      | Reached XP level 1. HP: 12/12 MP: 3/3
    15 | D:1      | Reached XP level 2. HP: 12/17 MP: 4/4
   748 | D:2      | Reached XP level 3. HP: 21/21 MP: 5/5
   754 | D:2      | Found an iron altar of Okawaru.
   762 | D:2      | Became a worshipper of Warmaster Okawaru
  1122 | D:2      | Reached XP level 4. HP: 24/26 MP: 6/6
  1297 | D:2      | Reached XP level 5. HP: 25/31 MP: 7/7
  1660 | D:2      | Noticed Sigmund
  1679 | D:2      | Killed Sigmund
  1679 | D:2      | Reached * piety under Okawaru
  1679 | D:2      | Reached skill level 5 in Staves
  1679 | D:2      | Reached skill level 5 in Dodging
  1679 | D:2      | Reached XP level 6. HP: 23/36 MP: 8/8
  2484 | D:3      | Noticed Natasha
  2496 | D:3      | Killed Natasha
  2615 | D:3      | Found a sparkling altar of Nemelex Xobeh.
  2638 | D:3      | Noticed Natasha
  2652 | D:3      | Killed Natasha
  2718 | D:3      | Noticed Natasha
  2738 | D:3      | Killed Natasha
  3265 | D:3      | Found an ancient bone altar of Kikubaaqudgha.
  3388 | D:3      | Found a radiant altar of Vehumet.
  3432 | D:4      | Noticed Eustachio
  3438 | D:3      | Reached skill level 1 in Invocations
  3993 | D:4      | Found a stormy altar of Qazlal.
  4011 | D:4      | Reached XP level 7. HP: 29/41 MP: 9/9
  4376 | D:4      | Found Cez Dio's Armour Shop.
  5219 | D:4      | Noticed Robin
  5236 | D:4      | Killed Robin
  5434 | D:4      | Noticed Pikel
  5457 | D:4      | Killed Pikel
  5457 | D:4      | Reached ** piety under Okawaru
  5457 | D:4      | Reached XP level 8. HP: 28/48 MP: 9/12
  5803 | D:4      | Found a blossoming altar of Fedhas.
  5872 | D:4      | Killed Eustachio
  5956 | D:4      | Noticed an oklob plant
  6112 | D:5      | Entered Level 5 of the Dungeon
  6462 | D:5      | Found a staircase to the Ecumenical Temple.
  6828 | D:5      | Found a shadowy altar of Dithmenos.
  7081 | D:4      | Bought a +3 chain mail of poison resistance for 235 gold
                  | pieces
  7157 | D:6      | Found Neunac's Assorted Antiques.
  7181 | D:6      | Bought a fuming ruby potion for 19 gold pieces
  7181 | D:6      | Bought a scroll labeled HODOAR TAUGUEWK for 22 gold pieces
  7203 | D:6      | Reached XP level 9. HP: 52/52 MP: 14/14
  7211 | D:6      | Found an opulent altar of Gozag.
  7401 | D:6      | Reached *** piety under Okawaru
  7401 | D:6      | Reached skill level 1 in Bows
  7420 | D:6      | Found an opulent altar of Gozag.
  7506 | D:6      | Found a transporter.
  7506 | D:6      | Noticed Kristarius's ghost (novice GrEE)
  7506 | D:6      | Identified the +8 dire flail of Cemoxoh {crush, rPois rN++
                  | Int-4 Dex+3}
  7507 | D:6      | Found a transporter.
  7957 | D:6      | Reached skill level 5 in Fighting
  8005 | D:6      | Bought a scroll labeled PYDDAT FORCH for 22 gold pieces
  8005 | D:6      | Bought a scroll labeled VILILI DAHEU for 22 gold pieces
  8043 | D:7      | Noticed a two-headed ogre
  8177 | D:7      | Reached skill level 5 in Invocations
  8471 | D:7      | Killed a two-headed ogre
  8753 | D:7      | Received a gift from Okawaru
  8788 | D:7      | Found Konecumu's General Store.
  9115 | D:8      | Noticed Psyche
  9146 | D:8      | Reached XP level 10. HP: 39/60 MP: 15/15
  9261 | D:8      | Killed Psyche
  9261 | D:8      | Reached **** piety under Okawaru
  9642 | D:8      | Reached skill level 10 in Staves
  9806 | D:8      | Noticed Erica
  9819 | D:8      | Killed Erica
 10278 | D:8      | Found a deep blue altar of Sif Muna.
 10385 | D:6      | Bought a thin beryl amulet for 110 gold pieces
 10779 | D:9      | Reached skill level 5 in Bows
 10992 | D:9      | Noticed a gargoyle
 11011 | D:9      | Killed a gargoyle
 11011 | D:9      | Reached skill level 1 in Armour
 11135 | D:9      | Found a staircase to the Lair.
 11135 | D:9      | Noticed an elephant
 11136 | D:9      | Noticed a two-headed ogre
 11149 | D:9      | Killed a two-headed ogre
 11149 | D:9      | Reached ***** piety under Okawaru
 11186 | D:9      | Killed an elephant
 11481 | D:9      | Reached XP level 11. HP: 59/66 MP: 17/17
 11547 | D:9      | Received a gift from Okawaru
 11598 | D:9      | Noticed Erolcha
 11637 | D:9      | Killed Erolcha
 11862 | D:9      | Found a staircase to the Orcish Mines.
 11875 | D:9      | Reached skill level 10 in Dodging
 12126 | D:10     | Entered Level 10 of the Dungeon
 12195 | D:10     | Noticed Urug
 12227 | D:10     | Killed Urug
 12380 | D:10     | Received a gift from Okawaru
 12643 | D:10     | Killed an unseen horror
 12852 | D:10     | Found a hide-covered altar of Uskayaw.
 13369 | D:10     | HP: 2/66 [gargoyle/stone arrow (25)]
 13374 | D:10     | Killed from afar by a gargoyle

Levels and vault maps discovered:
D:1:      matt_arrival_diagonals, layout_basic, serial_bayou_lagoon_a
D:2:      layout_basic, kennysheep_okawaru_gauntlet, guppyfry_early_orc_mine,
          uniq_sigmund
D:3:      minmay_diamond_boxcup, layout_rooms, marbit_many_paths,
          lemuel_doored_altar, minmay_misc_feat_five,
          nemelex_lonely_heart_becter, uniq_natasha
D:4:      kennysheep_goblin_castle, layout_rooms, overflow_temple_1_default,
          tgw_fedhas, serial_shops, shop, minmay_liquid_box, uniq_pikel,
          uniq_eustachio
D:5:      layout_rooms, lemuel_temple_firewalk_a, first_ration,
          grunt_dithmenos_smoke
D:6:      layout_rooms, nicolae_gozag_seed_capital, serial_shops,
          nicolae_shop_overgrown_old_shop, gammafunk_ghost_smash, basic_altar
D:7:      layout_rooms, serial_shops, nicolae_shop_stone, glass_columns_a,
          the_bakery
D:8:      layout_loops_cross, led_sif_book, uniq_erica, uniq_psyche
D:9:      layout_roguey, david_lair_generic, david_orc_2, uniq_erolcha
D:10:     layout_stronghold, basic_altar, uniq_urug

Skill      XL: |  1  2  3  4  5  6  7  8  9 10 11 |
---------------+----------------------------------+-----
Dodging        | 4 5 6 7 8 9 10 | 10.2
Fighting       | 2 3 4 5 6 |  6.8
Staves         | 4 5 6 7 8 9 10 | 10.4
Invocations    | 1 3 4 5 6 |  6.6
Bows           | 3 6 7 |  7.6
Armour         | 1 2 |  2.7
Throwing       | |  2.0

Action                   |  1- 3 |  4- 6 |  7- 9 | 10-12 || total
-------------------------+-------+-------+-------+-------++-------
Melee: Quarterstaff      |    56 |   205 |   197 |       ||   458
       Rapier            |       |       |   217 |   347 ||   564
       Punch             |       |       |       |     6 ||     6
 Fire: Shortbow          |       |       |     3 |     5 ||     8
Throw: Stone             |    32 |     3 |     5 |     1 ||    41
       Throwing net      |       |     2 |       |       ||     2
Invok: Heroism           |       |     3 |     5 |    10 ||    18
       Finesse           |       |       |       |     1 ||     1
Evoke: Wand              |       |       |       |     6 ||     6
  Use: Scroll            |     1 |     1 |     7 |     2 ||    11
       Potion            |       |     2 |       |     5 ||     7
 Stab: Distracted        |     1 |       |     1 |       ||     2
       Held in net/web   |       |     2 |       |       ||     2
       Sleeping          |       |     3 |       |       ||     3
       Confused          |       |       |       |     1 ||     1
  Eat: Chunk             |     1 |     9 |    13 |    13 ||    36
       Ration            |       |       |     1 |       ||     1
Armor: Leather armour    |    10 |    15 |       |       ||    25
       Robe              |       |    24 |    32 |       ||    56
       Chain mail        |       |       |   124 |   204 ||   328
       Skin              |       |       |       |     1 ||     1
Dodge: Dodged            |    43 |   135 |   290 |   174 ||   642

Table legend:
 A = Non-vault XP
 B = Vault XP
 C = Vault XP percentage of total XP
 D = Non-vault monster count
 E = Vault monster count
 F = Vault count percentage of total count
                 A         B        C        D         E       F
            +---------+---------+-------+---------+---------+-------
      Total |    9298 |    5764 |  38.3 |     201 |      58 |  22.4
            +---------+---------+-------+---------+---------+-------
        D:1 |      25 |       0 |   0.0 |       9 |       0 |   0.0
        D:2 |     166 |     243 |  59.4 |      16 |      10 |  38.5
        D:3 |     181 |      53 |  22.6 |      20 |      10 |  33.3
        D:4 |     476 |     962 |  66.9 |      25 |      22 |  46.8
        D:5 |     556 |       0 |   0.0 |      18 |       0 |   0.0
        D:6 |     999 |       0 |   0.0 |      23 |       0 |   0.0
        D:7 |    1413 |     211 |  13.0 |      11 |       1 |   8.3
        D:8 |    1288 |    1302 |  50.3 |      33 |       2 |   5.7
        D:9 |    2630 |    2162 |  45.1 |      27 |      12 |  30.8
       D:10 |    1564 |     831 |  34.7 |      19 |       1 |   5.0
            +---------+---------+-------+---------+---------+-------
